 Dungeon Crawl Stone Soup version 0.32-a0-975-g85d4e5bfdb (console) character file.

Game seed: 17103732552311262922

168 petzl the Sneak (level 5, -6/41 HPs)
             Began as a Formicid Delver on Apr 18, 2024.
             Mangled by a hornet (14 damage)
             ... on level 5 of the Dungeon.
             The game lasted 00:16:59 (3615 turns).

petzl the Sneak (Formicid Delver)                   Turns: 3615, Time: 00:17:01

Health: -6/41      AC:  4    Str: 13 (16) XL:     5   Next: 77%
Magic:  11/11      EV: 10    Int: 10 (12) God:
Gold:   139        SH:  0    Dex: 13 (15) Spells: 12/12 levels left

rFire   . . .        b - +0 sling
rCold   . . .        (no shield)
rNeg    . . .        o - +0 leather armour
rPois   .            (helmet unavailable)
rElec   .            (no cloak)
rCorr   .            (no gloves)
SInv    +            e - +0 pair of boots
Will    .....        (no amulet)
Stlth   +++          (no ring)
HPRegen 0.26/turn    (no ring)
MPRegen 0.12/turn

%: no passive effects
@: lethally poisoned (-6 -> -12)
A: permanent stasis, dig shafts and tunnels, antennae 3, four strong arms
a: Dig, Shaft Self


You were on level 5 of the Dungeon.
You visited 2 branches of the dungeon, and saw 7 of its levels.

You collected 139 gold pieces.

Inventory:

Hand Weapons
 a - a +0 mace
 b - a +0 sling (weapon)
Missiles
 h - a dart of dispersal
 i - 4 poisoned darts (quivered)
Armour
 e - a +0 pair of boots (worn)
 o - a +0 leather armour (worn)
Wands
 f - a wand of digging (3)
Scrolls
 c - a scroll of fog
 d - a scroll of revelation
 g - 3 scrolls of identify
 k - a scroll of silence
 l - a scroll of enchant weapon {unknown}
 q - a scroll of poison {unknown}
 r - a scroll of torment {unknown}
 s - a scroll of noise {unknown}
 v - a scroll of fear
Potions
 j - a potion of heal wounds {unknown}
 m - a potion of berserk rage {unknown}
 n - a potion of brilliance {unknown}
 p - a potion of degeneration
 t - a potion of attraction {unknown}
 u - a potion of invisibility {unknown}


   Skills:
 - Level 3.4 Fighting
 - Level 2.2 Maces & Flails
 + Level 1.0 Ranged Weapons
 - Level 2.0 Dodging
 - Level 6.1 Stealth
 + Level 4.3 Spellcasting


You had 12 spell levels left.
You didn't know any spells.
Your spell library contained the following spells:

 Spells                   Type           Power      Damage    Failure   Level
 Cigotuvi's Dreadful Rot  Necr/Alch/Air  4%         N/A       43%         2
 Dispel Undead            Necr           2%         3d7       97%         4
 Martyr's Knell           Necr/Summ      2%         N/A       97%         4


Dungeon Overview and Level Annotations

Branches:
Dungeon (6/15)             Temple (1/1) D:4

Altars:
Ashenzari
Cheibriados
Dithmenos
Elyvilon
Fedhas
Gozag
Kikubaaqudgha
Makhleb
Nemelex Xobeh
Okawaru
Qazlal
Trog
Wu Jian
Xom
Zin

Shops:
D:2 (

Annotations:
D:3 exclusion: downstairs
D:4 Blork the orc
D:5 exclusion: upstairs


Innate Abilities, Weirdness & Mutations

You cannot be hasted, slowed, berserked, paralysed or teleported.
You can dig through walls and to a lower floor.
You have a pair of large antennae on your head. (SInv)
Your four strong arms can wield two-handed weapons with a shield.


Message History

You feel sick. The hornet stings you!
Your stasis prevents you from being paralysed.
Throw: 3 darts (disperse)
Press: ? - help, Q - select action, (/) - cycle Shift-Dir - straight line, f/p - hornet
Aim: a hornet (lightly wounded, poisoned, 39% to hit)
You throw a dart of dispersal.
The dart of dispersal barely misses the hornet.
You feel sick. The hornet closely misses you. The hornet misses you.
Unknown command.
Throw: 2 darts (disperse)
Press: ? - help, Q - select action, (/) - cycle Shift-Dir - straight line, f/p - hornet
Aim: a hornet (lightly wounded, poisoned, 39% to hit)
You throw a dart of dispersal. The dart of dispersal hits the hornet.
The hornet blinks!
The hornet is lightly wounded.
You feel sick.
Throw: 6 darts (poison)
Press: ? - help, Q - select action, (/) - cycle Shift-Dir - straight line, f/p - hornet
Aim: a hornet (moderately wounded, poisoned, 39% to hit)
You throw a poisoned dart.
The poisoned dart barely misses the hornet.
You feel sick.
Unknown command.
Throw: 5 darts (poison)
Press: ? - help, Q - select action, (/) - cycle Shift-Dir - straight line, f/p - hornet
Aim: a hornet (moderately wounded, poisoned, 39% to hit)
You throw a poisoned dart. The poisoned dart hits the hornet.
The hornet is moderately wounded.
You feel sick. The hornet stings you!
* * * LOW HITPOINT WARNING * * *
You are more poisoned.
Your stasis prevents you from being slowed.
It was a potion of degeneration.
There was something very wrong with that liquid.
You feel weakened.
You feel dopey.
You feel clumsy.
* * * LOW HITPOINT WARNING * * *
You feel sick.
The hornet looks more healthy.
The hornet stings you but does no damage.
The hornet stings you!
You die...

#.. #.. ..# ### #.# #.# #<# #.#
#.# #.# #.# #.# #.# #.# ...
#.####.########.###
#...@y........#...#
######.######.#.#.###
...(.####.......#
#........#.###.#.#{
#.#.#O##...#...#
#.#........#...#...
#.#.....#.#.....###
#.##..#⌠..#+##.⌠# ...
#.........# .#####.......###
... #..#...........#.. ...#
#######..#...+..._...'..
####..##............#.......#..
..[.............#####.......##
...................#.........#
...............#...#⌠.##'##.⌠#
..............)....####...####.
...............................
h..................#..#........


You could see a hornet.

Vanquished Creatures
  An iguana (D:4)
  9 adders
  2 dart slugs (D:3)
  A ribbon worm (D:4)
  7 ball pythons
  5 endoplasms
  5 giant cockroaches
  7 goblins
  2 hobgoblins (D:3)
  5 quokkas
  4 bats
  6 frilled lizards
  5 kobolds
  3 rats
62 creatures vanquished.

Notes
Turn   | Place    | Note
-------+----------+-------------------------------------------
     0 | D:5      | petzl the Formicid Delver began the quest for the Orb.
     0 | D:5      | Reached XP level 1. HP: 18/18 MP: 1/1
    15 | D:6      | Reached XP level 2. HP: 24/24 MP: 2/2
    42 | D:5      | Found a broken altar of Ashenzari.
    42 | D:5      | Noticed an ogre
   300 | D:4      | Noticed a bombardier beetle
   351 | D:4      | Reached skill level 1 in Spellcasting
   351 | D:4      | Reached XP level 3. HP: 22/29 MP: 3/5
   422 | D:4      | Reached XP level 4. HP: 15/35 MP: 5/7
   586 | D:4      | Noticed Blork the orc
  1404 | D:2      | Found Rokoreff's Antique Weapon Emporium.
  1836 | D:2      | Reached XP level 5. HP: 34/41 MP: 10/10
  2248 | D:3      | You fall into a shaft and drop 2 floors!
  3387 | D:4      | Reached skill level 1 in Ranged Weapons
  3514 | D:4      | Found a staircase to the Ecumenical Temple.
  3527 | Temple   | Entered the Ecumenical Temple
  3551 | D:4      | Noticed an ogre
  3583 | D:5      | Noticed a hornet
  3615 | D:5      | Mangled by a hornet

Illustrated notes

Levels and vault maps discovered:
D:1:      pf_arrival_petrified_forest, layout_basic
D:2:      layout_loops_ring, serial_shops, shop
D:3:      layout_basic
D:4:      layout_basic, minmay_temple_entry_crystal_x, uniq_robin,
          uniq_blork_the_orc
D:5:      layout_basic, evilmike_ruin_ashenzari, lemuel_doored_altar,
          ebering_ghost_disaster_area, uniq_menkaure
D:6:      layout_loops_corners, mainiacjoe_overflow_brackets,
          nicolae_overflow_crystal_walls, serial_glass, glass_columns_b,
          glass_columns_a, glass_columns_b, glass_columns_a, enter_ossuary_1,
          minmay_manual_mess, uniq_jeremiah, uniq_crazy_yiuf_cottage,
          uniq_sigmund
Temple:   dpeg_chambers_temple

Skill      XL: |  1  2  3  4  5 |
---------------+----------------+-----
Dodging        | 2 |  2.0
Spellcasting   | 1 2 3 4 |  4.3
Ranged Weapons | 1 |  1.0
Fighting       | |  3.4
Maces & Flails | |  2.2
Stealth        | |  6.1

Action                     |  1- 3 |  4- 6 || total
---------------------------+-------+-------++-------
  Melee: Mace              |    37 |   136 ||   173
   Fire: Sling             |       |    40 ||    40
  Throw: Dart              |       |     8 ||     8
Ability: Shaft Self        |       |     1 ||     1
    Use: Scroll            |     1 |     2 ||     3
         Potion            |       |     1 ||     1
   Stab: Sleeping          |     3 |    14 ||    17
 Armour: Leather armour    |    18 |   135 ||   153
  Dodge: Dodged            |    24 |   109 ||   133

Table legend: (Time is in decaauts)
 A = Elapsed time spent in this place.
 B = Non-inter-level travel time spent in this place.
 C = Inter-level travel time spent in this place.
 D = Time resting spent in this place.
 E = Time spent auto-exploring this place.
 F = Levels seen in this place.
 G = Mean time per level.
                   A        B        C        D        E       F      G
               +--------+--------+--------+--------+--------+-----+--------+
         Total |   3683 |   3496 |    187 |    634 |   1238 |   7 |  526.1 |
       Dungeon |   3681 |   3494 |    187 |    634 |   1238 |   6 |  613.5 |
        Temple |      1 |      1 |      0 |      0 |      0 |   1 |    1.0 |
               +--------+--------+--------+--------+--------+-----+--------+

Top non-repeatable levels by time:
     D:2: 955 daAuts
     D:3: 926 daAuts
     D:4: 909 daAuts
     D:1: 601 daAuts
     D:5: 264 daAuts
     D:6: 25 daAuts
  Temple: 1 daAuts
